 Dungeon Crawl Stone Soup version 0.23.0 (webtiles) character file.

Game seed: 17966016131506899054

235 Ihlosi the Skirmisher (level 6, 0/38 HPs)
             Began as a Kobold Fighter on Feb 10, 2019.
             Slain by Robin
             ... wielding a +4 falchion of freezing
              (2 damage)
             ... on level 4 of the Dungeon.
             The game lasted 00:07:01 (3714 turns).

Ihlosi the Skirmisher (Kobold Fighter)              Turns: 3714, Time: 00:07:02

Health: 0/38       AC: 11    Str: 15    XL:     6   Next: 26%
Magic:  6/6        EV:  7    Int: 10    God:
Gold:   119        SH:  9    Dex: 18    Spells: 5/5 levels left

rFire    + . .     SeeInvis .   a - +0 long sword
rCold    . . .     Gourm    .   c - +0 shield
rNeg     . . .     Faith    .   q - +2 chain mail {rF+}
rPois    .         Spirit   .   (no helmet)
rElec    .         Reflect  .   (no cloak)
rCorr    .         Harm     .   (no gloves)
MR       .....                  (no boots)
Stlth    ..........             (no amulet)
HPRegen  0.12/turn              h - +4 ring of dexterity
MPRegen  0.10/turn              (no ring)

@: lethally poisoned (0 -> -2)
A: small, carnivore
a: no special abilities


You were on level 4 of the Dungeon.
You were completely stuffed.

You visited 1 branch of the dungeon, and saw 4 of its levels.

You collected 119 gold pieces.

Inventory:

Hand Weapons
 a - a +0 long sword (weapon)
 m - a cursed -3 whip
 t - a +0 blowgun
Missiles
 i - 30 bolts
 u - 4 curare-tipped needles
 w - 28 poisoned needles
Armour
 c - a +0 shield (worn)
 q - a +2 chain mail of fire resistance (worn)
Jewellery
 h - a +4 ring of dexterity (left hand)
Scrolls
 e - 2 scrolls of teleportation
 g - a scroll of noise {unknown}
 j - a scroll of immolation {unknown}
 o - 2 scrolls of remove curse {unknown}
 p - a scroll of fog {unknown}
 v - a scroll of identify
Potions
 b - a potion of agility
 d - 3 potions of might
 l - 3 potions of flight
 s - a potion of cancellation
 x - a potion of haste {unknown}
Comestibles
 f - 5 rations
 n - a chunk of flesh


   Skills:
 * Level 4.2 Fighting
 * Level 3.3 Long Blades
 * Level 3.1 Armour
 * Level 2.2 Dodging
 - Level 3.0 Shields


You had 5 spell levels left.
You didn't know any spells.
Your spell library was empty.

Dungeon Overview and Level Annotations

Branches:
Dungeon (4/15)
 Temple: D:4-7

Altars:
Ashenzari
Elyvilon
Zin

Annotations:
D:4 Robin


Innate Abilities, Weirdness & Mutations

You are small and have problems with some larger weapons.
You are carnivorous and can eat meat at any time.


Message History

Your +2 chain mail of fire resistance unmelds from your body.
You feel resistant to fire.
You feel sick. You block the goblin's attack.
You slash the goblin!
You kill the goblin!
You block the goblin's attack. Robin throws the goblin at you!
* * * LOW HITPOINT WARNING * * *
You block Robin's attack.
Items here: )) †† a +0 club x2; a goblin corpse x2
You slash Robin!
Robin is severely wounded.
You feel sick. You block the goblin's attack.
Robin hits you but does no damage.
You hit Robin.
Robin is almost dead.
The goblin hits you but does no damage.
Robin hits you with a +4 falchion of freezing.
* * * LOW HITPOINT WARNING * * *
Robin freezes you.
You die...

#. .. ..##.. .# g.S.
.....###.#...... .gg# .
...#..##........ #g.# ..
#..#........$. #..# #..####
#...##.#.... #<.# #....).
#........# #
#........?...#####........#..#
#....$.......gg@g)........$...
#.#####......#####..<.........
#. ....... #........#... ..
....... ............# ..
.......#..#.........# ##.
.##.#####..#####...... #. ##.
#######. . #. .


You could see Robin, a hobgoblin and a goblin.

Vanquished Creatures
  An orc priest (D:3)
  A worker ant (D:4)
  8 adders
  An ooze (D:2)
  2 worms (D:2)
  2 dart slugs
  5 leopard geckos
  7 orcs (D:3)
  A giant cockroach (D:1)
  14 goblins
  9 hobgoblins
  4 jackals (D:1)
  12 kobolds
  7 bats
  9 frilled lizards
  3 rats
86 creatures vanquished.

Notes
Turn   | Place    | Note
-------+----------+-------------------------------------------
     0 | D:1      | Ihlosi the Kobold Fighter began the quest for the Orb.
     0 | D:1      | Reached XP level 1. HP: 14/14 MP: 1/1
   141 | D:1      | Reached XP level 2. HP: 14/19 MP: 2/2
   627 | D:1      | Reached XP level 3. HP: 23/23 MP: 3/3
  1184 | D:2      | Found a white marble altar of Elyvilon.
  1425 | D:2      | Reached XP level 4. HP: 27/29 MP: 4/4
  1440 | D:2      | Reached skill level 1 in Dodging
  1903 | D:2      | Found a shattered altar of Ashenzari.
  2459 | D:3      | Found a glowing silver altar of Zin.
  2516 | D:3      | Reached XP level 5. HP: 33/33 MP: 5/5
  2526 | D:3      | Reached skill level 4 in Fighting
  3356 | D:3      | Reached XP level 6. HP: 38/38 MP: 6/6
  3631 | D:4      | Noticed Robin
  3714 | D:4      | Slain by Robin

Skill      XL: |  1  2  3  4  5 |
---------------+----------------+-----
Long Blades    | 2 3 |  3.3
Dodging        | 1 2 |  2.2
Fighting       | 4 |  4.2
Shields        | 3 |  3.0
Armour         | 3 |  3.1

Action                   |  1- 3 |  4- 6 || total
-------------------------+-------+-------++-------
Melee: Long sword        |    92 |   220 ||   312
  Use: Scroll            |       |     6 ||     6
       Potion            |       |     4 ||     4
  Eat: Chunk             |    10 |     8 ||    18
Armor: Scale mail        |    39 |    35 ||    74
       Chain mail        |       |    70 ||    70
       Skin              |       |    13 ||    13
Dodge: Dodged            |    41 |    77 ||   118
Block: Shield            |    44 |   132 ||   176
       Rpst.: Long sword |    12 |    24 ||    36
